 Dungeon Crawl Stone Soup version 0.28.0-45-g0d030f2227 (webtiles) character file.

Game seed: 13941052287471723123

77 Descartes the Chopper (level 4, 0/33 HPs)
             Began as a Formicid Warper on Apr 11, 2022.
             Slain by an orc
             ... wielding a +0 club
              (2 damage)
             ... on level 3 of the Dungeon.
             The game lasted 00:04:10 (2834 turns).

Descartes the Chopper (Formicid Warper)             Turns: 2834, Time: 00:04:11

Health: 0/33       AC:  5    Str: 17    XL:     4   Next: 58%
Magic:  7/7        EV: 11    Int: 13    God:
Gold:   35         SH:  0    Dex: 10    Spells: 7/7 levels left

rFire   . . .      SeeInvis +   a - +0 hand axe
rCold   . . .      Faith    .   (no shield)
rNeg    . . .      Spirit   .   d - +0 leather armour
rPois   .          Reflect  .   (helmet unavailable)
rElec   .          Harm     .   (no cloak)
rCorr   .          Rampage  .   (no gloves)
Will    .....                   e - +1 pair of boots
Stlth   +.........              i - amulet of the acrobat
HPRegen 0.11/turn               (no ring)
MPRegen 0.10/turn               (no ring)

@: no status effects
A: permanent stasis, dig shafts and tunnels, antennae 3, four strong arms
a: Dig, Shaft Self


You were on level 3 of the Dungeon.
You visited 1 branch of the dungeon, and saw 3 of its levels.

You collected 35 gold pieces.

Inventory:

Hand Weapons
 a - a +0 hand axe (weapon)
 b - a +1 hunting sling of freezing
Missiles
 c - 5 boomerangs of dispersal (quivered)
 g - 47 stones
Armour
 d - a +0 leather armour (worn)
 e - a +1 pair of boots (worn)
Jewellery
 i - an amulet of the acrobat (around neck)
Scrolls
 h - a scroll of immolation {unknown}
 j - a scroll of holy word {unknown}
 k - a scroll of blinking {unknown}
 m - a scroll of fog {unknown}
Potions
 f - a potion of invisibility {unknown}
 l - 2 potions of curing {unknown}
 n - a potion of ambrosia {unknown}
 o - 2 potions of resistance {unknown}


   Skills:
 - Level 2.1 Fighting
 + Level 4.4 Axes
 - Level 1.0 Throwing
 - Level 1.1 Armour
 - Level 1.7 Dodging
 - Level 2.1 Spellcasting
 - Level 2.6 Translocations


You had 7 spell levels left.
You didn't know any spells.
Your spell library contained the following spells:

 Spells                   Type           Power      Damage    Failure   Level
 Shock                    Conj/Air       4%         1d3       30%         1
 Summon Small Mammal      Summ           4%         N/A       30%         1
 Gell's Gravitas          Tloc           8%         N/A       30%         3
 Lesser Beckoning         Tloc           8%         N/A       30%         3
 Teleport Other           Tloc           8%         N/A       30%         3
 Call Canine Familiar     Summ           1%         N/A       65%         3
 Summon Guardian Golem    Hex/Summ       1%         N/A       65%         3
 Manifold Assault         Tloc           8%         N/A       95%         5
 Airstrike                Air            0%         N/A       96%         4
 Blink                    Tloc           Unusable   N/A       N/A         2
 Swiftness                Air            Unusable   N/A       N/A         3

Dungeon Overview and Level Annotations

Branches:
Dungeon (3/15)

Altars:

Annotations:
D:2 exclusion: sensed monster (detected), Terence


Innate Abilities, Weirdness & Mutations

You cannot be hasted, slowed, berserked, paralysed or teleported.
You can dig through walls and to a lower floor.
You have a pair of large antennae on your head. (SInv)
Your four strong arms can wield two-handed weapons with a shield.


Message History

You are too injured to fight recklessly!
Unknown command.
You are too injured to fight recklessly!
Unknown command.
You are too injured to fight recklessly!
Unknown command.
You closely miss the orc.
The orc is lightly wounded.
You hit the orc wizard. The orc wizard misses you. The orc closely misses you.
You barely miss the orc.
The orc is lightly wounded.
You completely miss the orc wizard. The orc wizard barely misses you.
The orc closely misses you.
The orc wizard hits you with a +0 dagger.
You closely miss the orc.
The orc is lightly wounded.
You closely miss the orc wizard. The orc barely misses you.
The orc wizard hits you but does no damage.
Unknown command.
You hit the orc.
The orc is heavily wounded.
You closely miss the orc wizard. The orc hits you with a +0 club.
The orc wizard gestures at you while chanting.
The magic dart hits you.
* * * LOW HITPOINT WARNING * * *
You hit the orc.
The orc is heavily wounded.
You hit the orc wizard. The orc barely misses you.
The orc wizard gestures at you while chanting.
The puff of flame hits you.
* * * LOW HITPOINT WARNING * * *
You hit the orc but do no damage.
The orc is heavily wounded.
You closely miss the orc wizard. The orc barely misses you.
The orc wizard hits you but does no damage.
Unknown command.
You barely miss the orc.
The orc is heavily wounded.
You hit the orc wizard. The orc hits you with a +0 club.
You die...

####
##...##
##8.>.8##
#o).....#
#.@o8.<.#
#..)....#
##8...8##
##...##
#+##


You could see an orc wizard (invisible) and an orc.

Vanquished Creatures
  3 adders (D:2)
  An orc (D:3)
  A bat (D:1)
  6 endoplasms
  11 giant cockroaches
  2 goblins
  A hobgoblin (D:1)
  4 ball pythons
  7 frilled lizards
  4 kobolds
  5 rats
45 creatures vanquished.

Notes
Turn   | Place    | Note
-------+----------+-------------------------------------------
     0 | D:1      | Descartes the Formicid Warper began the quest for the Orb.
     0 | D:1      | Reached XP level 1. HP: 16/16 MP: 3/3
   236 | D:1      | Reached XP level 2. HP: 12/22 MP: 5/5
   775 | D:1      | Reached skill level 3 in Axes
  1324 | D:1      | You fall into a shaft and drop 1 floor!
  1439 | D:2      | Reached XP level 3. HP: 27/27 MP: 6/6
  1877 | D:1      | Reached skill level 4 in Axes
  1877 | D:1      | Reached XP level 4. HP: 31/33 MP: 7/7
  1998 | D:2      | Noticed Terence
  2756 | D:2      | Found a faded altar of an unknown god.
  2832 | D:3      | HP: 1/33 [orc wizard/puff of flame (6)]
  2834 | D:3      | Slain by an orc

Illustrated notes

Levels and vault maps discovered:
D:1:      nicolae_arrival_memento_mori, layout_basic
D:2:      minmay_roachtagon, layout_loops_ring,
          chequers_ecumenical_altar_twisty, st_stairs_14, kennysheep_crisscross,
          minmay_misc_feat_hallway, uniq_terence
D:3:      layout_rooms, grunt_ministairs_7

Skill      XL: |  1  2  3 |
---------------+----------+-----
Axes           | 3 4 |  4.4
Fighting       | |  2.1
Throwing       | |  1.0
Armour         | |  1.1
Dodging        | |  1.7
Spellcasting   | |  2.1
Translocations | |  2.6

Action                   |  1- 3 |  4- 6 || total
-------------------------+-------+-------++-------
Melee: Hand axe          |   121 |    66 ||   187
       Punch             |     1 |     1 ||     2
 Fire: Hunting sling     |       |     2 ||     2
 Stab: Sleeping          |     1 |       ||     1
Armor: Leather armour    |    42 |    30 ||    72
Dodge: Dodged            |    77 |    58 ||   135
